 Dungeon Crawl Stone Soup version 0.20.1-1-g8b1a95d (webtiles) character file.

6517 Fisto the Carver (level 11, 0/84 HPs)
             Began as a Human Fighter on Nov 21, 2017.
             Was a Believer of Elyvilon.
             Slain by a hell rat (3 damage)
             ... on level 10 of the Dungeon.
             The game lasted 00:50:31 (10047 turns).

Fisto the Carver (Human Fighter)                   Turns: 10047, Time: 00:50:33

Health: 0/84       AC: 13    Str: 20    XL:     11   Next: 20%
Magic:  11/11      EV: 11    Int:  9    God:    Elyvilon [**....]
Gold:   57         SH: 10    Dex: 12    Spells: 10/10 levels left

rFire    . . .     SeeInvis .   a - +0 long sword
rCold    + . .     Gourm    .   c - +0 shield
rNeg     . . .     Faith    .   v - +1 scale mail {rC+}
rPois    +         Spirit   .   l - +2 helmet
rElec    .         Reflect  .   g - +0 cloak
rCorr    .         Harm     .   z - +0 pair of gloves
MR       .....                  (no boots)
Stlth    ..........             m - amulet of regeneration
Regen    0.7/turn               d - ring of poison resistance
MPRegen  0.2/turn               p - +2 ring of evasion

@: protection, heavily drained
A: no striking features
a: Lesser Healing, Heal Other, Divine Protection, Renounce Religion


You were on level 10 of the Dungeon.
You worshipped Elyvilon.
Elyvilon was pleased with you.
You were not hungry.

You visited 2 branches of the dungeon, and saw 11 of its levels.

You collected 297 gold pieces.
You spent 240 gold pieces at shops.

Inventory:

Hand Weapons
 a - a +0 long sword (weapon)
 b - a +1 short sword of electrocution
 e - a +2 whip of flaming
 j - a +2 dire flail of protection
 x - a +0 whip
Missiles
 h - 114 arrows
 q - 60 bolts
Armour
 c - a +0 shield (worn)
 g - a +0 cloak (worn)
 l - a +2 helmet (worn)
 v - a +1 scale mail of cold resistance (worn)
 z - a +0 pair of gloves (worn)
 A - a +0 ring mail of fire resistance
 B - the +5 ring mail of Sin {MR+ Regen+ Int+4}
   (You found it on level 10 of the Dungeon)

   It affects your intelligence (+4).
   It affects your resistance to hostile enchantments.
   It increases your rate of regeneration.
Jewellery
 d - a ring of poison resistance (left hand)
 m - an amulet of regeneration (around neck)
 p - a +2 ring of evasion (right hand)
Wands
 i - a wand of digging (12/24)
Scrolls
 s - a scroll of fog
 u - a scroll of teleportation
 y - 2 scrolls of remove curse
 C - 2 scrolls of identify
 D - a scroll of amnesia {unknown}
 E - a scroll of enchant weapon {unknown}
Potions
 o - a potion of curing
Comestibles
 f - 5 bread rations
 k - 5 royal jellies
 t - a meat ration


   Skills:
 + Level 7.0(4.7) Fighting
 + Level 9.5(7.1) Long Blades
 + Level 3.2(1.2) Throwing
 + Level 6.8(4.6) Armour
 + Level 5.3(3.2) Dodging
 + Level 0.7(0.0) Stealth
 + Level 8.4(6.1) Shields


You had 10 spell levels left.
You didn't know any spells.

Dungeon Overview and Level Annotations

Branches:
Dungeon (10/15)            Temple (1/1) D:6
   Lair: D:8-11         Orc: D:9-12

Altars:
Ashenzari
Cheibriados
Dithmenos
Elyvilon
Fedhas
Gozag
Hepliaklqana
Kikubaaqudgha
Makhleb
Nemelex Xobeh
Okawaru
Qazlal
Ru
Sif Muna
Trog
Uskayaw
Vehumet
Zin
The Shining One

Shops:
D:5 =

Annotations:
D:8 Maurice


Message History

The centaur warrior zombie hits you.
* * * LOW HITPOINT WARNING * * *
The centaur warrior zombie closely misses you.
The hell rat barely misses you.
A wyvern zombie comes into view.
Your divine protection fades away.
The centaur warrior zombie hits you but does no damage.
An orc comes into view. It is wielding a flail.
The orc shouts!
The orc throws a tomahawk.
The tomahawk hits you but does no damage.
The hell rat misses you.
You see here a tomahawk.
You beseech Elyvilon to protect your life.
The wyvern zombie bites you but does no damage.
The centaur warrior zombie hits you but does no damage.
The orc throws a tomahawk.
You block the tomahawk. The hell rat bites you!
* * * LOW HITPOINT WARNING * * *
You feel drained.
You die...

. #.......#
#.......#
#.......#
#.......####
######...........
.........[.......o
..........9......#
#+###+##..rZ.....#
#.Z@......+
#.........#
###.......#
#.......#
#.......#
####.......#
#......#####
#......# ##......#


You could see a gargoyle, a hell rat, an orc, a wyvern zombie and a centaur
warrior zombie.

Vanquished Creatures
  A two-headed ogre (D:8)
  Pikel (D:6)
  Psyche (D:8)
  A troll (D:10)
  3 hornets
  2 hippogriffs (D:7)
  A spriggan (D:7)
  A hungry ghost (D:7)
  Edmund (D:4)
  2 water moccasins
  A slave (D:6)
  4 orc warriors
  2 sky beasts
  2 phantoms
  An ice beast (D:8)
  2 centaurs (D:5)
  3 ogres
  A big kobold (D:8)
  3 bullfrogs
  Blork the orc (D:4)
  A wyvern skeleton (D:6)
  2 scorpions
  6 killer bees (D:8)
  2 howler monkeys
  2 centaur zombies
  2 hounds (D:8)
  A quasit (D:6)
  9 orc priests
  A bullfrog skeleton (D:9)
  A centaur skeleton (D:7)
  6 jellies
  6 orc wizards
  An iguana (D:9)
  Jessica (D:2)
  2 worker ants
  A hell rat (D:10)
  3 hound skeletons
  4 gnolls (D:4)
  2 howler monkey skeletons (D:4)
  11 adders
  3 shadow imps
  An adder zombie (D:3)
  2 worms
  2 dart slugs (D:1)
  7 leopard geckos
  27 orcs
  8 giant cockroaches
  9 goblins
  4 hobgoblins
  8 jackals
  A quokka (D:5)
  6 bats
  4 frilled lizards
  9 kobolds
  8 rats
197 creatures vanquished.

Vanquished Creatures (others)
  A slave (D:6)
  A crimson imp (D:8)
  4 toadstools (D:1)
6 creatures vanquished.

Grand Total: 203 creatures vanquished

Notes
Turn   | Place    | Note
-------+----------+-------------------------------------------
     0 | D:1      | Fisto the Human Fighter began the quest for the Orb.
     0 | D:1      | Reached XP level 1. HP: 18/18 MP: 1/1
   111 | D:1      | Reached XP level 2. HP: 23/24 MP: 2/2
   603 | D:1      | Reached XP level 3. HP: 29/29 MP: 3/3
  1168 | D:2      | Noticed Jessica
  1174 | D:2      | Killed Jessica
  1174 | D:2      | Reached XP level 4. HP: 36/36 MP: 4/4
  1531 | D:2      | Reached skill level 3 in Long Blades
  1864 | D:3      | Reached XP level 5. HP: 42/42 MP: 5/5
  2074 | D:3      | Reached skill level 1 in Dodging
  2950 | D:4      | Reached XP level 6. HP: 46/48 MP: 6/6
  2958 | D:4      | Noticed an ogre
  2975 | D:4      | Noticed Blork the orc
  2990 | D:4      | Killed Blork the orc
  2990 | D:4      | Reached skill level 4 in Long Blades
  3092 | D:4      | Killed an ogre
  3126 | D:4      | Noticed Edmund
  3140 | D:4      | Killed Edmund
  3140 | D:4      | Reached XP level 7. HP: 31/55 MP: 7/7
  3770 | D:5      | Entered Level 5 of the Dungeon
  3871 | D:5      | Reached skill level 5 in Long Blades
  4135 | D:5      | Reached XP level 8. HP: 29/61 MP: 8/8
  4383 | D:5      | Found Tocviymo's Jewellery Emporium.
  4432 | D:5      | Bought an uncursed ring of poison resistance for 240 gold pieces
  4573 | D:5      | Reached skill level 5 in Shields
  5118 | D:6      | Reached skill level 6 in Long Blades
  5118 | D:6      | Reached skill level 5 in Armour
  5539 | D:6      | Noticed Pikel
  5585 | D:6      | Killed Pikel
  5585 | D:6      | Reached skill level 5 in Fighting
  5585 | D:6      | Reached XP level 9. HP: 49/68 MP: 9/9
  5695 | D:6      | Reached skill level 7 in Long Blades
  5711 | D:6      | Found a staircase to the Ecumenical Temple.
  6392 | Temple   | Entered the Ecumenical Temple
  6430 | Temple   | Became a worshipper of Elyvilon the Healer
  6503 | D:7      | Noticed a hornet
  6525 | D:7      | Killed a hornet
  6608 | D:7      | Found a glowing silver altar of Zin.
  6920 | D:7      | Found a stormy altar of Qazlal.
  6956 | D:7      | Reached XP level 10. HP: 67/76 MP: 10/10
  7016 | D:7      | Reached skill level 8 in Long Blades
  7016 | D:7      | Reached skill level 1 in Throwing
  7272 | D:7      | You fall through a shaft!
  7272 | D:8      | Reached * piety under Elyvilon
  7663 | D:8      | Noticed a two-headed ogre
  7692 | D:8      | Killed a two-headed ogre
  7815 | D:8      | Noticed Psyche
  7934 | D:8      | Killed Psyche
  8002 | D:8      | Noticed Maurice
  8022 | D:8      | Paralysed by something for 5 turns
  8330 | D:8      | Reached skill level 9 in Long Blades
  9126 | D:8      | Reached skill level 5 in Dodging
  9126 | D:8      | Reached XP level 11. HP: 74/83 MP: 11/11
  9146 | D:9      | Reached ** piety under Elyvilon
  9164 | D:9      | Found a sacrificial altar of Ru.
  9730 | D:9      | Found a deep blue altar of Sif Muna.
  9796 | D:10     | Entered Level 10 of the Dungeon
  9828 | D:10     | Found a shadowy altar of Dithmenos.
  9834 | D:10     | Got a heavily runed ring mail
  9835 | D:10     | Identified the +5 ring mail of Sin {MR+ Regen+ Int+4} (You found it on level 10 of the Dungeon)
 10028 | D:10     | HP: 2/84 [gargoyle/stone arrow (13)]
 10033 | D:10     | Elyvilon protects you from harm!
 10047 | D:10     | HP: 3/84 [hell rat (10)]
 10047 | D:10     | Slain by a hell rat

Skill      XL: |  1  2  3  4  5  6  7  8  9 10 11 |
---------------+----------------------------------+-----
Long Blades    | 3 4 5 6 7 9 |  9.5
Dodging        | 1 2 3 5 |  5.3
Fighting       | 4 5 6 7 |  7.0
Shields        | 4 6 7 8 |  8.4
Armour         | 4 5 6 |  6.8
Throwing       | 2 3 |  3.2
Stealth        | |  0.7

Action                   |  1- 3 |  4- 6 |  7- 9 | 10-12 || total
-------------------------+-------+-------+-------+-------++-------
Melee: Long sword        |    72 |   205 |   466 |   499 ||  1242
Throw: Tomahawk          |       |       |     6 |    67 ||    73
Invok: Lesser Healing    |       |       |       |     1 ||     1
       Divine Protection |       |       |       |     2 ||     2
  Use: Potion            |       |     4 |     4 |     6 ||    14
       Scroll            |       |     4 |     6 |     5 ||    15
  Eat: Chunk             |     1 |     6 |    10 |     2 ||    19
       Bread ration      |       |       |     1 |     2 ||     3
       Fruit             |       |       |     2 |       ||     2
       Meat ration       |       |       |     1 |       ||     1
Armor: Scale mail        |    51 |   114 |   177 |   184 ||   526
       Skin              |       |       |       |     8 ||     8
Dodge: Dodged            |    18 |    69 |   176 |   195 ||   458
Block: Shield            |    41 |   106 |   235 |   257 ||   639
       Rpst.: Long sword |     6 |    19 |    55 |    47 ||   127
